 Dungeon Crawl Stone Soup version 0.27.0-1-g7a089689b8 (webtiles) character file.

Game seed: 5314088864412288523

2709 avis the Grappler (level 9, -1/81 HPs)
             Began as a Barachi Transmuter on Aug 8, 2021.
             Was an Initiate of Gozag.
             Killed from afar by a gargoyle (25 damage)
             ... with a stone arrow
             ... on level 7 of the Dungeon on Aug 9, 2021.
             The game lasted 00:45:56 (9628 turns).

avis the Grappler (Barachi Transmuter)              Turns: 9628, Time: 00:45:57

Health: -1/81      AC:  6    Str: 14    XL:     9   Next: 66%
Magic:  12/15      EV: 11    Int: 14    God:    Gozag
Gold:   423        SH:  0    Dex: 13    Spells: 8/16 levels left

rFire    x . .     SeeInvis +     - Unarmed
rCold    + + +     Faith    .   (shield currently unavailable)
rNeg     . . .     Spirit   .   (armour currently unavailable)
rPois    +         Reflect  .   (helmet currently unavailable)
rElec    .         Harm     .   (cloak currently unavailable)
rCorr    +         Rampage  .   (gloves currently unavailable)
Will     .....                  (boots currently unavailable)
Stlth    ++........             (no amulet)
HPRegen  0.23/turn              o - ring of see invisible
MPRegen  0.14/turn              E - ring of resist corrosion

@: ice-form
A: freezing attack, boosted hp, amphibious, large, (slowness 1), (strong legs
1), +LOS
a: End Transformation, Renounce Religion, Potion Petition, Call Merchant, Bribe
Branch


You were on level 7 of the Dungeon.
You worshipped Gozag.
Gozag was aware of your devotion.
You were a creature of crystalline ice.
You visited 2 branches of the dungeon, and saw 8 of its levels.

You collected 467 gold pieces.
You paid 44 gold pieces to Gozag.

Inventory:

Hand Weapons
 i - a +1 falchion
 l - a +3 scimitar
 m - a +2 spear of freezing
 r - a +3 hand axe of freezing
 C - a +2 spear of freezing
 K - a +4 war axe
 L - a +4 halberd of freezing
 M - a +3 hand axe
Missiles
 a - 37 stones
 c - 83 arrows
 x - 31 poisoned darts
Armour
 k - a +0 buckler (melded)
 u - a +0 leather armour (melded)
Jewellery
 o - a ring of see invisible (left front paw)
 A - an amulet of faith
 E - a ring of resist corrosion (right front paw)
 P - a +6 ring of dexterity
Wands
 s - a wand of paralysis (10)
 F - a wand of mindburst (13)
 I - a wand of iceblast (6)
Scrolls
 d - 2 scrolls of enchant armour {unknown}
 e - 8 scrolls of identify {unknown}
 f - 5 scrolls of fear {unknown}
 n - a scroll of vulnerability {unknown}
 q - a scroll of amnesia {unknown}
 v - 2 scrolls of acquirement {unknown}
 y - 2 scrolls of noise {unknown}
 z - 3 scrolls of teleportation {unknown}
 D - a scroll of blinking {unknown}
 H - 2 scrolls of immolation {unknown}
 J - 3 scrolls of holy word {unknown}
 N - a scroll of magic mapping {unknown}
Potions
 b - 2 potions of degeneration {unknown}
 g - a potion of magic {unknown}
 h - 4 potions of curing {unknown}
 j - a potion of mutation {unknown}
 p - 3 potions of lignification {unknown}
 t - a potion of attraction {unknown}
 w - 3 potions of heal wounds {unknown}
 B - a potion of flight {unknown}
 G - a potion of resistance
 O - a potion of cancellation {unknown}


   Skills:
 - Level 5.0 Fighting
 * Level 4.4 Dodging
 - Level 1.0 Stealth
 - Level 4.0 Shields
 - Level 10.0 Unarmed Combat
 - Level 4.0 Spellcasting
 - Level 5.0 Transmutations
 - Level 4.0 Ice Magic
 - Level 2.0 Poison Magic


You had 8 spell levels left.
You knew the following spells:

 Your Spells              Type           Power      Damage    Failure   Level
a - Beastly Appendage     Tmut           32%        N/A       2%          1
p - Spider Form           Tmut/Pois      6%         N/A       14%         3
q - Ice Form              Ice/Tmut       15%        N/A       30%         4

Your spell library contained the following spells:

 Spells                   Type           Power      Damage    Failure   Level
 Wereblood                Tmut           16%        N/A       3%          2
 Poisonous Vapours        Pois/Air       10%        N/A       19%         2
 Corpse Rot               Necr/Air       N/A        N/A       28%         2
 Slow                     Hex            2%         N/A       28%         2
 Static Discharge         Conj/Air       2%         N/A       28%         2
 Confusing Touch          Hex            2%         N/A       50%         3
 Dispel Undead            Necr           2%         3d7       88%         4
 Passage of Golubria      Tloc           N/A        N/A       88%         4
 Sticky Flame             Conj/Fire      2%         2d3       88%         4
 Summon Lightning Spire   Summ/Air       2%         N/A       88%         4
 Yara's Violent Unravell  Hex/Tmut       4%         3d4       88%         5
 Freezing Cloud           Conj/Ice/Air   3%         6-21      97%         5
 Lightning Bolt           Conj/Air       1%         1d12      99%         5
 Silence                  Hex/Air        1%         N/A       99%         5
 Storm Form               Tmut/Air       4%         N/A       100%        7
 Lehudib's Crystal Spear  Conj/Erth      1%         10d2      100%        8
 Maxwell's Capacitive Co  Air            1%         ∞         100%        8
 Chain Lightning          Conj/Air       1%         3d1       100%        9
 Fire Storm               Conj/Fire      1%         7d1       100%        9


Dungeon Overview and Level Annotations

Branches:
Dungeon (7/15)             Temple (1/1) D:6

Altars:
Ashenzari
Cheibriados
Elyvilon
Fedhas
Gozag
Hepliaklqana
Kikubaaqudgha
Makhleb
Nemelex Xobeh
Okawaru
Qazlal
Ru
Sif Muna
Trog
Uskayaw
Vehumet
Wu Jian
Xom
Zin
The Shining One

Shops:
D:1 :   D:2 [   D:6 *


Innate Abilities, Weirdness & Mutations

You are a creature of crystalline ice.
You have a powerful freezing melee attack.
Your maximum health is increased.
Your armour is entirely melded.
You are incapable of wielding weapons or throwing items.
You are amphibious.
((You cover ground slowly.))
((You can hop short distances.))
You have an extended range of vision and can be seen from far away.


Message History

You now have 416 gold pieces (gained 24).
c - 83 arrows (gained 13)
You see here a +0 shortbow.
You now have 423 gold pieces (gained 7).
x - 31 poisoned darts (gained 8)
You see here a +0 short sword.
You see here a +0 shortbow.
You pick up a book of the Moon and begin reading...
You add the spells Passage of Golubria, Silence and Lehudib's Crystal Spear to your library.
Shopping list: removing a book of the Moon on D:1 You see here a +0 shortbow.
You see here a +0 short sword.
You start resting.
A gargoyle comes into view. It is wielding a +0 mace.
Casting: Spider Form (dangerous; 17% risk of failure)
Confirm with . or Enter, or press ? or * to list all spells.
The spell is quite dangerous to cast (36% risk of failure)!
Continue anyway?
You turn into a creature of crystalline ice.
Your +0 buckler melds into your body.
Your +0 leather armour melds into your body.
The gargoyle closely misses you.
You hit the gargoyle but do no damage.
The gargoyle hits you but does no damage.
You hit the gargoyle but do no damage.
The gargoyle hurls a stone arrow at you.
The stone arrow misses you.
You completely miss the gargoyle. The gargoyle barely misses you.
You hit the gargoyle but do no damage. You hit the gargoyle but do no damage.
The gargoyle hits you with a +0 mace!
You hit the gargoyle but do no damage. The gargoyle barely misses you.
You hit the gargoyle but do no damage.
The gargoyle hurls a stone arrow at you.
The stone arrow hits you!!
* * * LOW HITPOINT WARNING * * *
You hit the gargoyle. You freeze the gargoyle.
The gargoyle is moderately damaged.
The gargoyle hurls a stone arrow at you.
The stone arrow hits you!!
You die...
Your body crumbles into a pile of gold.

$ [.#.##.# #.##.#
..#.##.# #.....
##.##.##<########
$##..#..#.[..# #
..######..##.##....#
#
#........##..#.....#
#
##^8..8.)#..##.....#
#
.########9..##.....#
#
........Y..#########
# ...........# .
..........##
#........##
##########


You could see a gargoyle.

Vanquished Creatures
  A troll (D:6)
  A steam dragon (D:7)
  An acid dragon (D:7)
  2 water moccasins
  2 sky beasts
  An ogre (D:6)
  3 centaurs
  2 kobold brigands
  A bullfrog (D:7)
  2 scorpions
  A water moccasin skeleton (D:7)
  12 wights
  A howler monkey (D:5)
  A centaur zombie (D:5)
  5 hounds
  A jelly (D:7)
  4 orc priests
  Ijyb (D:4)
  3 orc wizards
  A killer bee zombie (D:5)
  A gnoll (D:7)
  7 adders
  A white imp (D:7)
  2 ufetubi
  A worm (D:4)
  22 orcs
  6 endoplasms
  3 giant cockroaches
  10 hobgoblins
  5 jackals
  4 quokkas
  6 ball pythons
  6 bats
  3 frilled lizards
  14 goblins
  9 kobolds
  2 rats (D:3)
148 creatures vanquished.

Notes
Turn   | Place    | Note
-------+----------+-------------------------------------------
     0 | D:1      | avis the Barachi Transmuter began the quest for the Orb.
     0 | D:1      | Reached XP level 1. HP: 15/15 MP: 3/3
    44 | D:1      | Found Boynkos's Book Shoppe.
   247 | D:1      | Found a faded altar of an unknown god.
   341 | D:1      | Reached XP level 2. HP: 20/22 MP: 3/5
   397 | D:1      | Reached skill level 1 in Stealth
   521 | D:1      | Reached skill level 1 in Poison Magic
   780 | D:1      | Reached XP level 3. HP: 27/27 MP: 4/6
   787 | D:1      | Learned a level 3 spell: Spider Form
  1732 | D:2      | Reached XP level 4. HP: 33/33 MP: 5/7
  1851 | D:2      | Found Funiax Naon's Armour Shop.
  2332 | D:3      | Reached skill level 4 in Unarmed Combat
  2385 | D:3      | Reached skill level 1 in Shields
  2979 | D:3      | Reached XP level 5. HP: 38/38 MP: 5/8
  3701 | D:4      | Learned a level 4 spell: Ice Form
  3807 | D:4      | Reached XP level 6. HP: 35/44 MP: 5/10
  4154 | D:4      | Noticed Ijyb
  4184 | D:4      | Killed Ijyb
  4595 | D:5      | Entered Level 5 of the Dungeon
  4595 | D:5      | Noticed a water moccasin
  4601 | D:5      | Killed a water moccasin
  4602 | D:5      | Reached skill level 5 in Unarmed Combat
  4919 | D:5      | Reached XP level 7. HP: 33/52 MP: 4/11
  5246 | D:5      | Reached skill level 1 in Ice Magic
  5872 | D:5      | Reached skill level 5 in Transmutations
  6045 | D:6      | Reached XP level 8. HP: 46/58 MP: 9/12
  6228 | D:6      | Found a shimmering altar of Xom.
  6280 | D:6      | Noticed a troll
  6284 | D:6      | Found a staircase to the Ecumenical Temple.
  6544 | D:6      | Reached skill level 6 in Unarmed Combat
  6571 | D:6      | Found Ifiwke's Assorted Antiques.
  6580 | Temple   | Entered the Ecumenical Temple
  6821 | Temple   | Became a worshipper of Gozag Ym Sagoz the Greedy
  6929 | D:6      | Killed a troll
  6930 | D:6      | Reached skill level 7 in Unarmed Combat
  7350 | D:6      | Found an ornate altar of the Wu Jian Council.
  7969 | D:6      | Reached skill level 8 in Unarmed Combat
  8174 | D:7      | Reached XP level 9. HP: 57/65 MP: 13/15
  8278 | D:7      | Reached skill level 5 in Fighting
  8935 | D:7      | Reached skill level 9 in Unarmed Combat
  9489 | D:7      | Reached skill level 10 in Unarmed Combat
  9619 | D:7      | Noticed a gargoyle
  9628 | D:7      | Killed from afar by a gargoyle

Illustrated notes

Levels and vault maps discovered:
D:1:      dpeg_arrival_fog, layout_basic, serial_shops, nicolae_shop_trees,
          hellmonk_ecumenical_altar_heavens_door
D:2:      layout_loops_ring, serial_shops, shop
D:3:      layout_loops_ring, minmay_misc_feat_encased
D:4:      kennysheep_the_goblin_king, layout_loops_ring
D:5:      layout_gridville
D:6:      layout_rooms, minitemple, minmay_temple_entry_sparse_star,
          serial_shops, shop
D:7:      layout_loops_cross, nzn_random_ring
Temple:   hc_temple_tempest_star

Skill      XL: |  1  2  3  4  5  6  7  8  9 |
---------------+----------------------------+-----
Fighting       | 2 3 4 5 |  5.0
Stealth        | 1 |  1.0
Poison Magic   | 1 2 |  2.0
Transmutations | 3 5 |  5.0
Unarmed Combat | 4 5 8 10 | 10.0
Shields        | 2 4 |  4.0
Spellcasting   | 3 4 |  4.0
Dodging        | 3 4 |  4.4
Ice Magic      | 4 |  4.0

Action                   |  1- 3 |  4- 6 |  7- 9 || total
-------------------------+-------+-------+-------++-------
Melee: Unarmed           |   101 |   156 |   231 ||   488
       Kick              |    18 |     5 |    15 ||    38
       Headbutt          |    15 |     3 |     6 ||    24
       Punch             |     3 |     1 |       ||     4
 Cast: Beastly Appendage |    26 |    11 |     9 ||    46
       Spider Form       |     1 |    27 |    33 ||    61
       Ice Form          |       |       |     1 ||     1
 Abil: Hop               |       |       |     3 ||     3
Evoke: Wand              |       |       |     2 ||     2
 Stab: Sleeping          |     3 |     4 |     2 ||     9
       Distracted        |       |       |     1 ||     1
Armor: Robe              |    18 |     3 |       ||    21
       Skin              |       |     5 |     8 ||    13
       Leather armour    |       |     2 |     2 ||     4
Dodge: Dodged            |    59 |   114 |   178 ||   351
Block: Buckler           |       |     4 |     5 ||     9
